 Dungeon Crawl Stone Soup version 0.14.2 (webtiles) character file.

2610 fredomojojo the Ducker (level 9, -7/72 HPs)
             Began as a Minotaur Artificer on Dec 9, 2015.
             Was an Initiate of Nemelex Xobeh.
             Mangled by Gastronok (11 damage)
             ... on Level 8 of the Dungeon on Dec 10, 2015.
             The game lasted 01:19:17 (4574 turns).

fredomojojo the Ducker (Minotaur Artificer)         Turns: 4574, Time: 01:19:17

HP  -7/72        AC  8     Str 19      XL: 9   Next: 30%
MP   4/9         EV  9     Int  6 (9)  God: Nemelex Xobeh [......]
Gold 73          SH  0     Dex 11      Spells:  0 memorised,  8 levels left

rFire  . . .     SeeInvis .     G - +3,+4 war axe (elec)
rCold  + . .     Clarity  +     M - +1 scale mail {rC+}
rNeg   . . .     Conserve .     (no shield)
rPois  +         rCorr    .     (helmet restricted)
rElec  .         rRot     .     (no cloak)
SustAb . .       Spirit   .     (no gloves)
rMut   .         Warding  .     (no boots)
Saprov . . .     Stasis   .     u - amulet of clarity
MR     +....                    L - ring of protection from magic
                                t - ring of poison resistance

@: somewhat resistant to hostile enchantments, extremely unstealthy
A: retaliatory headbutt, horns 2
a: Renounce Religion


You were on level 8 of the Dungeon.
You worshipped Nemelex Xobeh.
Nemelex Xobeh was noncommittal.
You were not hungry.

You visited 2 branches of the dungeon, and saw 9 of its levels.

You collected 386 gold pieces.
You spent 313 gold pieces at shops.

Inventory:

Hand weapons
 m - a +0,+0 great sword
 C - a +0,+0 bow
 G - a +3,+4 war axe of electrocution (weapon)
Missiles
 k - 60 darts (quivered)
 x - 10 darts of flame
 J - 4 arrows
Armour
 M - a +1 scale mail of cold resistance (worn)
Magical devices
 b - a wand of flame (15)
 c - a wand of enslavement (15)
 d - a wand of random effects (15)
 n - a wand of draining (9)
 o - a wand of polymorph (3)
 w - a wand of disintegration (9)
Comestibles
 a - an apple
 f - 4 bread rations
 i - 12 rotting chunks of orc flesh
 z - 3 meat rations
 N - 6 chunks of orc flesh
 O - 3 rotting chunks of orc flesh
 P - a chunk of hound flesh
Scrolls
 e - a scroll of amnesia {unknown}
 r - 2 scrolls of fog
 v - 7 scrolls of remove curse
 y - 2 scrolls of enchant armour {unknown}
 A - 3 scrolls of recharging
 B - 3 scrolls of teleportation
 E - 2 scrolls of magic mapping {unknown}
 F - a scroll of summoning {unknown}
Jewellery
 p - an uncursed amulet of resist mutation
 t - a ring of poison resistance (left hand)
 u - an amulet of clarity (around neck)
 L - a ring of protection from magic (right hand)
Potions
 g - a potion of resistance {unknown}
 h - a potion of agility {unknown}
 j - 4 potions of curing
 l - 2 potions of restore abilities
 q - 2 potions of lignification {unknown}
 s - a potion of heal wounds
 D - 3 potions of berserk rage
 I - a potion of paralysis {unknown}


   Skills:
 + Level 4.3 Fighting
   Level 1.2 Short Blades
 + Level 4.0 Long Blades
 * Level 5.5 Axes
 * Level 2.6 Bows
 + Level 6.1 Throwing
 + Level 4.3 Armour
 + Level 7.2 Dodging
 + Level 1.7 Stealth
 + Level 3.4 Evocations


You had 8 spell levels left.
You didn't know any spells.

Dungeon Overview and Level Annotations

Branches:
Dungeon (8/15)             Temple (1/1) D:5
   Lair: D:8-11

Altars:
Cheibriados
Dithmenos
Elyvilon
Fedhas
Kikubaaqudgha
Makhleb
Nemelex Xobeh
Okawaru
Sif Muna
Trog
Vehumet
Xom
Yredelemnul
Zin
The Shining One

Shops:
D:7 [?*?}   D:8 =

Annotations:
D:8 Gastronok


Innate Abilities, Weirdness & Mutations

You reflexively headbutt those who attack you in melee.
You have a pair of horns on your head.


Message History

Your scale mail prevents you from hitting the green rat.
You headbutt the green rat!
The green rat is almost dead.
Gastronok waves his eye-stalks in wide circles.
The air twists around and strikes you!
You slash the green rat!
You kill the green rat!
The green rat's corpse disappears in a puff of smoke!
There was something very wrong with that liquid!
You feel dopey.
It was a potion of degeneration.
Gastronok sloshes about.
Gastronok bites you!
* * * LOW HITPOINT WARNING * * *
You see here an arrow.
You hit Gastronok.
Gastronok is lightly wounded.
Gastronok bites you!
You die...
Your body disappears without a glow.

########### #.........#
...####.##≈≈≈##.#
.......>.≈≈≈≈≈..######
......#<#≈≈∩≈≈....>..#..
#.###
#.#≈≈.≈≈[..(.......
#...≈.≈.)(@j(......
#####...)#.........
####.#.....#.. #.#######
.'# ... .... .... ...


You could see Gastronok.

Vanquished Creatures
  Pikel (D:4)
  Grinder (D:4)
  A hungry ghost (D:5)
  Menkaure (D:5)
  An ice beast (D:6)
  An orc warrior (D:8)
  An ogre (D:5)
  A slave (D:4)
  A black bear (D:7)
  A centaur (D:6)
  Duvessa (D:5)
  3 giant frogs
  An eye of draining (D:8)
  A hippogriff skeleton (D:5)
  Dowan (D:5)
  2 crimson imps
  3 orc priests
  4 orc wizards
  2 iguanas
  3 hounds
  6 worker ants
  A hound skeleton (D:5)
  A worker ant zombie (D:5)
  3 adders
  A green rat (D:8)
  3 shadow imps
  A worm zombie (D:7)
  A worm (D:3)
  2 adder zombies (D:7)
  An ooze (D:4)
  23 orcs
  9 giant cockroaches
  13 goblins
  7 hobgoblins
  4 jackals
  13 kobolds
  2 quokkas (D:5)
  A ball python skeleton (D:4)
  11 bats
  4 giant geckos
  3 giant newts
  A kobold skeleton (D:4)
  An orc skeleton (D:6)
  An orc zombie (D:6)
  10 rats
154 creatures vanquished.

Vanquished Creatures (others)
  A slave (D:4)
  A kobold (D:4)
2 creatures vanquished.

Grand Total: 156 creatures vanquished

Notes
Turn   | Place    | Note
--------------------------------------------------------------
     0 | D:1      | fredomojojo, the Minotaur Artificer, began the quest for the Orb.
     0 | D:1      | Reached XP level 1. HP: 16/16 MP: 1/1
    51 | D:1      | Reached skill level 3 in Evocations
   140 | D:1      | Found a sparkling altar of Nemelex Xobeh.
   152 | D:1      | Reached XP level 2. HP: 20/23 MP: 2/2
   174 | D:1      | Became a worshipper of Nemelex Xobeh the Trickster
   785 | D:2      | Found an iron altar of Okawaru.
   816 | D:2      | Reached XP level 3. HP: 24/28 MP: 3/3
  1144 | D:3      | Reached skill level 1 in Throwing
  1144 | D:3      | Reached skill level 1 in Armour
  1144 | D:3      | Reached XP level 4. HP: 23/35 MP: 4/4
  1169 | D:3      | HP: 1/35 [orc wizard/dagger (3)]
  1800 | D:4      | Reached skill level 1 in Long Blades
  1800 | D:4      | Reached XP level 5. HP: 41/41 MP: 4/4
  1993 | D:4      | Reached skill level 4 in Dodging
  2001 | D:4      | Noticed Grinder
  2009 | D:4      | Paralysed by Grinder for 7 turns
  2021 | D:4      | Paralysed by Grinder for 3 turns
  2035 | D:4      | Killed Grinder
  2035 | D:4      | Reached XP level 6. HP: 3/50 MP: 6/6
  2311 | D:4      | Reached skill level 5 in Dodging
  2338 | D:4      | Reached XP level 7. HP: 56/56 MP: 6/6
  2483 | D:4      | Noticed a slave
  2484 | D:4      | Noticed Pikel
  2495 | D:4      | Noticed a slave
  2495 | D:4      | Noticed a slave
  2496 | D:4      | Noticed a slave
  2498 | D:4      | Killed a slave
  2507 | D:4      | Killed Pikel
  2507 | D:4      | Reached skill level 6 in Dodging
  2507 | D:4      | Reached XP level 8. HP: 6/63 MP: 7/7
  2510 | D:4      | Killed a freed slave
  2567 | D:5      | Entered Level 5 of the Dungeon
  2614 | D:5      | Found a staircase to the Ecumenical Temple.
  2653 | Temple   | Entered the Ecumenical Temple
  2756 | D:5      | Reached skill level 1 in Stealth
  2860 | D:5      | Noticed Menkaure
  2863 | D:5      | Killed Menkaure
  2863 | D:5      | Reached skill level 5 in Throwing
  2978 | D:5      | Noticed Dowan
  2980 | D:5      | Noticed Duvessa
  2985 | D:5      | Killed Dowan
  2990 | D:5      | Killed Duvessa
  3578 | D:6      | Found an iron altar of Okawaru.
  3780 | D:7      | Found Ehonk's Assorted Antiques.
  3796 | D:7      | Reached skill level 5 in Axes
  3821 | D:7      | Reached XP level 9. HP: 71/71 MP: 9/9
  3840 | D:7      | Found a glowing golden altar of the Shining One.
  4078 | D:7      | Reached skill level 1 in Bows
  4084 | D:7      | Found Zoum's Gadget Emporium.
  4109 | D:7      | Found a white marble altar of Elyvilon.
  4131 | D:7      | Found Plaepp's Magic Scroll Shop.
  4135 | D:7      | Bought a scroll of identify for 28 gold pieces
  4135 | D:7      | Bought a scroll of remove curse for 42 gold pieces
  4135 | D:7      | Bought a scroll of identify for 28 gold pieces
  4135 | D:7      | Bought a scroll of enchant weapon I for 49 gold pieces
  4135 | D:7      | Bought a scroll of remove curse for 42 gold pieces
  4181 | D:7      | Found Firrihy's Antique Armour Shoppe.
  4198 | D:7      | Bought a shiny scale mail for 124 gold pieces
  4214 | D:7      | Found Broust's Magic Scroll Emporium.
  4235 | D:7      | Reached skill level 7 in Dodging
  4529 | D:8      | Found Qehaecah's Jewellery Emporium.
  4556 | D:8      | Noticed Gastronok
  4573 | D:8      | HP: 3/72 [Gastronok (20)]
  4574 | D:8      | Mangled by Gastronok

Action                   |  1- 3 |  4- 6 |  7- 9 || total
-------------------------+-------+-------+-------++-------
Melee: Short sword       |   114 |       |       ||   114
       Great sword       |    11 |    64 |       ||    75
       Unarmed           |       |     7 |       ||     7
       War axe           |       |       |   148 ||   148
 Fire: Bow               |       |       |    34 ||    34
Throw: Tomahawk          |    34 |    20 |    40 ||    94
       Dart              |     1 |     8 |    17 ||    26
Evoke: Wand              |       |     1 |       ||     1
  Use: Scroll            |     2 |     3 |     8 ||    13
       Potion            |       |     1 |     2 ||     3
 Stab: Sleeping          |       |       |     1 ||     1
